 Dungeon Crawl Stone Soup version 0.29.0-13-gc9e81de378 (webtiles) character file.

Game seed: 17074412628183223488

1084 H0rd4k the Cudgeller (level 8, -5/61 HPs)
             Began as a Human Artificer on Sept 8, 2022.
             Slain by a slime creature (12 damage)
             ... on level 7 of the Dungeon.
             The game lasted 00:11:29 (8558 turns).

H0rd4k the Cudgeller (Human Artificer)              Turns: 8558, Time: 00:11:30

Health: -5/61      AC:  3    Str: 13    XL:     8   Next: 55%
Magic:  8/8        EV: 13    Int: 13    God:
Gold:   316        SH:  0    Dex: 14    Spells: 7/7 levels left

rFire   x . .      SeeInvis .   d - +2 falchion (freeze)
rCold   + . .      Faith    .   (no shield)
rNeg    + . .      Spirit   .   b - +0 leather armour
rPois   .          Reflect  .   (no helmet)
rElec   .          Harm     .   (no cloak)
rCorr   .          Rampage  .   (no gloves)
Will    .....                   (no boots)
Stlth   +.........              x - amulet of regeneration
HPRegen 1.00/turn               n - ring of positive energy
MPRegen 0.11/turn               w - ring of ice

@: about to teleport
A: no striking features
a: no special abilities


You were on level 7 of the Dungeon.
You visited 1 branch of the dungeon, and saw 7 of its levels.
You also visited: Sewer.

You collected 316 gold pieces.

Inventory:

Hand Weapons
 d - a +2 falchion of freezing (weapon)
 e - a +1 flail of holy wrath
 F - a +2 vorpal quarterstaff
 H - a +4 dagger
Missiles
 i - 33 poisoned darts (quivered)
Armour
 b - a +0 leather armour (worn)
Magical Staves
 y - a staff of air
Jewellery
 n - a ring of positive energy (left hand)
 w - a ring of ice (right hand)
 x - an amulet of regeneration (around neck)
Wands
 o - a wand of polymorph (9)
 u - a wand of flame (2)
 L - a wand of iceblast (5)
Scrolls
 c - 2 scrolls of immolation {unknown}
 g - 5 scrolls of teleportation
 h - 19 scrolls of identify {unknown}
 j - 5 scrolls of blinking {unknown}
 l - 3 scrolls of enchant weapon {unknown}
 m - 2 scrolls of vulnerability {unknown}
 p - 3 scrolls of poison {unknown}
 q - a scroll of torment {unknown}
 r - 4 scrolls of butterflies {unknown}
 v - 2 scrolls of fear {unknown}
 D - 2 scrolls of magic mapping {unknown}
 E - 2 scrolls of enchant armour {unknown}
 I - a scroll of noise {unknown}
Potions
 a - 3 potions of curing {unknown}
 f - 2 potions of brilliance {unknown}
 k - 3 potions of might {unknown}
 s - 3 potions of mutation {unknown}
 t - 2 potions of flight {unknown}
 z - 3 potions of invisibility {unknown}
 A - 4 potions of heal wounds {unknown}
 B - a potion of haste {unknown}
 C - a potion of cancellation {unknown}
 G - a potion of attraction {unknown}
 J - 2 potions of berserk rage {unknown}
 K - a potion of lignification {unknown}


   Skills:
 + Level 4.8 Fighting
 * Level 2.5(2.7) Short Blades
 + Level 1.1(2.0) Long Blades
 - Level 5.1 Maces & Flails
 + Level 1.1 Throwing
 - Level 2.0 Armour
 + Level 4.9 Dodging
 - Level 1.0 Stealth
 - Level 3.0 Evocations


You had 7 spell levels left.
You didn't know any spells.
Your spell library contained the following spells:

 Spells                   Type           Power      Damage    Failure   Level
 Ensorcelled Hibernation  Hex/Ice        0%         N/A       52%         2
 Passwall                 Tmut/Erth      0%         N/A       52%         2
 Stone Arrow              Conj/Erth      0%         3d7       75%         3
 Swiftness                Air            0%         N/A       75%         3
 Animate Armour           Summ/Erth      0%         N/A       98%         4
 Lehudib's Crystal Spear  Conj/Erth      0%         10d2      100%        8


Dungeon Overview and Level Annotations

Branches:
Dungeon (7/15)              Sewer (visited)
 Temple: D:4-7

Altars:
Dithmenos
Okawaru

Shops:
D:2 *

Annotations:
D:6 exclusion: downstairs
D:7 exclusion: upstairs


Message History

You hit the bullfrog. You freeze the bullfrog.
You kill the bullfrog!
Your base Long Blades skill increases to level 1!
A - 4 yellow potions (gained 1)
L - a wand of iceblast (5) No target in view!
A skeletal warrior comes into view. It is wielding a +0 trident.
A skeletal warrior is nearby!
A skeletal warrior is nearby!
Unknown command.
There is a stone staircase leading down here.
This staircase is marked as excluded!
Enter next level anyway?
You climb downwards.
Level annotation: exclusion: upstairs The slime creature closely misses you.
The slime creature barely misses you.
There is a stone staircase leading up here.
The slime creature attacks as you move away!
The slime creature closely misses you.
The slime creature attacks as you move away!
The slime creature hits you!
The slime creature attacks as you move away!
The slime creature hits you!
The slime creature attacks as you move away!
The slime creature completely misses you.
You hit the slime creature. You freeze the slime creature.
The slime creature is lightly wounded.
The slime creature hits you!
You barely miss the slime creature.
The slime creature is lightly wounded.
The slime creature hits you!!
* * * LOW HITPOINT WARNING * * *
The slime creature attacks as you move away!
The slime creature hits you!
* * * LOW HITPOINT WARNING * * *
Okay, then.
As you read the scroll labelled QEN BOZIELLIGG, it crumbles to dust.
You feel strangely unstable.
It was a scroll of teleportation.
The slime creature hits you!
You die...

#.####......####+####..
#.# #..###.......##.#.
#.# #..# #......###.##
#.# #..###.....####.#
#.# #............##.#
#.# ##.####..####.##.##
#.###...###..# #[.....
#.##..J..##..# #######
#.#...@...#..# #
#............# #
##........##.# #
#.#.....###.# #
#.##...## #.# #
#.###.## #.# # #.# #.#
#.# # #.###).####.# #
............# #


You could see a slime creature.

Vanquished Creatures
  2 bullfrogs
  2 scorpions
  A necrophage (D:5)
  2 wights (D:6)
  3 hounds
  An orc priest (D:3)
  2 orc wizards (D:4)
  3 iguanas
  6 gnolls
  2 river rats (D:5)
  9 adders
  A shadow imp (D:6)
  A white imp (D:7)
  An ufetubus (D:5)
  6 worms
  4 dart slugs
  15 orcs
  6 ball pythons
  12 bats
  5 endoplasms
  2 giant cockroaches
  5 hobgoblins
  2 jackals (D:1)
  12 kobolds
  6 quokkas
  10 frilled lizards
  6 goblins
  11 rats
138 creatures vanquished.

Vanquished Creatures (collateral kills)
  A hound (D:5)
  3 adders (D:5)
  A gnoll (D:3)
  An ufetubus (D:5)
  A worm (D:5)
  3 orcs
  5 kobolds
15 creatures vanquished.

Vanquished Creatures (others)
  A black bear (D:5)
  A kobold brigand (Sewer)
  A hound (D:5)
  A gnoll (D:3)
  An orc (D:3)
  An endoplasm (D:1)
  A jackal (D:1)
7 creatures vanquished.

Grand Total: 160 creatures vanquished

Notes
Turn   | Place    | Note
-------+----------+-------------------------------------------
     0 | D:1      | H0rd4k the Human Artificer began the quest for the Orb.
     0 | D:1      | Reached XP level 1. HP: 15/15 MP: 1/1
   147 | D:1      | Reached XP level 2. HP: 22/22 MP: 2/2
   328 | D:1      | Reached XP level 3. HP: 6/27 MP: 3/3
   647 | D:1      | Found a faded altar of an unknown god.
  1018 | D:1      | Reached skill level 1 in Maces & Flails
  1682 | D:2      | Reached XP level 4. HP: 25/33 MP: 4/4
  1764 | D:2      | Found Gamutol's General Store.
  2410 | D:2      | Found an iron altar of Okawaru.
  2428 | D:2      | Reached skill level 2 in Maces & Flails
  2428 | D:2      | Reached XP level 5. HP: 25/39 MP: 5/5
  3995 | D:3      | Reached XP level 6. HP: 19/46 MP: 6/6
  3999 | D:3      | Reached skill level 3 in Maces & Flails
  4386 | D:4      | You fall into a shaft and drop 3 floors!
  4751 | D:5      | Entered Level 5 of the Dungeon
  4941 | D:5      | Noticed a black bear
  5043 | D:5      | Reached skill level 4 in Maces & Flails
  5053 | D:5      | Reached XP level 7. HP: 10/52 MP: 7/7
  5078 | D:5      | Found a glowing drain.
  5111 | Sewer    | Entered a sewer
  6019 | D:4      | HP: 2/53 [something/puff of flame (10)]
  6150 | D:4      | Reached skill level 5 in Maces & Flails
  6182 | D:4      | Found an iron altar of Okawaru.
  7132 | D:5      | Reached XP level 8. HP: 44/59 MP: 8/8
  7161 | D:5      | Reached skill level 1 in Short Blades
  7869 | D:6      | Found a shadowy altar of Dithmenos.
  7984 | D:6      | Reached skill level 1 in Throwing
  8091 | D:6      | Noticed a skeletal warrior
  8122 | D:7      | Noticed a wyvern
  8357 | D:7      | Noticed a slime creature
  8479 | D:6      | Reached skill level 1 in Long Blades
  8497 | D:6      | Noticed a skeletal warrior
  8558 | D:7      | Slain by a slime creature

Illustrated notes

Levels and vault maps discovered:
D:1:      shiori_arrival_oz, layout_basic, ebering_ecumenical_altar_webs
D:2:      layout_loops_ring, serial_shops, nicolae_shop_hallway_plus,
          basic_altar, minivault_27
D:3:      layout_basic, st_stairs_10, minmay_hedge_maze, minmay_unequal
D:4:      layout_basic, lemuel_doored_altar
D:5:      layout_layer_cave, portal_sewer_entry_a,
          chequers_serial_rivers_micro_b
D:6:      layout_cave_pods, elyvilon_altar_4, nicolae_dithmenos_shadow_blocks
D:7:      cheibrodos_helix_gallery, layout_loops_ring, temple_green

Skill      XL: |  1  2  3  4  5  6  7  8 |
---------------+-------------------------+-----
Fighting       | 2 3 4 |  4.8
Dodging        | 2 3 4 |  4.9
Maces & Flails | 1 2 4 5 |  5.1
Short Blades   | 2 |  2.5
Throwing       | 1 |  1.1
Long Blades    | 1 |  1.1
Armour         | |  2.0
Stealth        | |  1.0
Evocations     | |  3.0

Action                   |  1- 3 |  4- 6 |  7- 9 || total
-------------------------+-------+-------+-------++-------
Melee: Club              |     8 |       |       ||     8
       Whip              |   123 |   176 |       ||   299
       Punch             |     1 |     2 |     4 ||     7
       Flail             |       |    21 |   124 ||   145
       Dagger            |       |       |    70 ||    70
       Falchion          |       |       |    50 ||    50
Throw: Dart              |       |     5 |     8 ||    13
Evoke: Wand              |     9 |    22 |    26 ||    57
  Use: Scroll            |       |       |     1 ||     1
 Stab: Sleeping          |     1 |     1 |       ||     2
Armor: Leather armour    |    58 |    79 |    53 ||   190
Dodge: Dodged            |   125 |   144 |   159 ||   428
